 Dungeon Crawl Stone Soup version 0.25-a0-479-g8579842fd4 (webtiles) character file.

Game seed: 9659148247410729894, levelgen mode: deterministic

8 ICC the Insei (level 2, 0/14 HPs)
             Began as a Vine Stalker Transmuter on Feb 9, 2020.
             Succumbed to a goblin's poison
             ... on level 1 of the Dungeon.
             The game lasted 00:00:54 (129 turns).

ICC the Insei (Vine Stalker Transmuter)              Turns: 129, Time: 00:00:54

Health: 0/14       AC:  2    Str: 12    XL:     2   Next: 8%
Magic:  5/6        EV: 12    Int: 13    God:
Gold:   34         SH:  0    Dex: 14    Spells: 5/6 levels left

rFire    . . .     SeeInvis .     - Unarmed
rCold    . . .     Gourm    .   (no shield)
rNeg     . . .     Faith    .   b - +0 robe
rPois    .         Spirit   +   (no helmet)
rElec    .         Reflect  .   (no cloak)
rCorr    .         Harm     .   (no gloves)
MR       .....                  (no boots)
Stlth    +.........             (no amulet)
HPRegen  0.04/turn              (no ring)
MPRegen  0.10/turn              (no ring)

@: lethally poisoned (0 -> -19), appendage (expiring)
A: fangs 2, horns 2, magic shield, antimagic bite, no potion heal 3, rot
immunity
a: End Transformation


You were on level 1 of the Dungeon.
You were not hungry.
You had grown temporary horns.
You visited 1 branch of the dungeon, and saw 1 of its levels.

You collected 34 gold pieces.

Inventory:

Missiles
 a - 27 arrows
 c - 13 stones (quivered)
Armour
 b - a +0 robe (worn)
Scrolls
 e - a scroll of identify {unknown}
 f - a scroll of random uselessness {unknown}
Comestibles
 d - a ration


   Skills:
 - Level 1.0 Fighting
 + Level 1.9 Dodging
 - Level 3.0 Unarmed Combat
 + Level 2.5 Spellcasting
 - Level 2.0 Transmutations


You had 5 spell levels left.
You knew the following spells:

 Your Spells              Type           Power        Failure   Level  Hunger
a - Beastly Appendage     Tmut           #.....       11%         1    #......

Your spell library contained the following spells:

 Spells                   Type           Power        Failure   Level  Hunger
 Sticks to Snakes         Tmut           #.......     16%         2    ###....
 Spider Form              Tmut/Pois      #.........   43%         3    ###....
 Ice Form                 Ice/Tmut       #.......     85%         4    #####..
 Blade Hands              Tmut           #.........   96%         5    ######.


Dungeon Overview and Level Annotations

Branches:
Dungeon (1/15)

Altars:


Innate Abilities, Weirdness & Mutations

You have extremely sharp teeth.
When hurt, damage is shared between your health and your magic reserves.
Your bite disrupts and absorbs the magic of your enemies.
Potions cannot restore your health.
You are immune to rotting.
You have a pair of horns on your head.


Message History

You are more poisoned.
You feel sick.
You hit the frilled lizard.
You kill the frilled lizard!
You have reached level 2!
* * * LOW HITPOINT WARNING * * *
You feel sick.
You aren't carrying any potions.
Okay, then.
You aren't carrying any potions.
Throwing (i - inventory)
c - 14 stones (quivered)
Press: ? - help, Shift-Dir - straight line, f/p - goblin
Aim: a goblin, wielding a +1 dagger of venom (heavily wounded)
You throw a stone. The stone hits the goblin.
You kill the goblin!
* * * LOW HITPOINT WARNING * * *
You feel sick.
* * * LOW HITPOINT WARNING * * *
You feel sick.
You die...

#.#.# #< #(.. ###.#.#
#. #((. ..#.#.# ## ###
#..# #.#.#.# # #.. ...
#.#.#.## #.# #.#
#.#.##.# #.###.#
#.#†##.##
#.....#####.#.....#
#....@............#
#....######.#.....#
#.#.## #...#....# #.#.#
#........# #.#.#
#..#####...
###.#.######..# ...#
#.............###......
#.###...###.........
#.# #...# #†..###...


There were no monsters in sight!

Vanquished Creatures
  A dart slug (D:1)
  2 goblins (D:1)
  A hobgoblin (D:1)
  A frilled lizard (D:1)
  A kobold (D:1)
6 creatures vanquished.

Notes
Turn   | Place    | Note
-------+----------+-------------------------------------------
     0 | D:1      | ICC the Vine Stalker Transmuter began the quest for the
                  | Orb.
     0 | D:1      | Reached XP level 1. HP: 9/9 MP: 4/4
    54 | D:1      | Reached skill level 1 in Fighting
   126 | D:1      | Reached XP level 2. HP: 6/14 MP: 4/6
   129 | D:1      | Succumbed to a goblin's poison

Levels and vault maps discovered:
D:1:      dpeg_arrival_solitude, layout_loops_ring, chequers_garden,
          minmay_misc_feat_square, minmay_misc_feat_cross, st_stairs_5,
          kennysheep_another_room, minivault_11

Skill      XL: |  1 |
---------------+----+-----
Fighting       | 1 |  1.0
Dodging        | |  1.9
Unarmed Combat | |  3.0
Spellcasting   | |  2.5
Transmutations | |  2.0

Action                   || total
-------------------------++-------
Melee: Unarmed           ||    11
       Bite              ||     4
       Kick              ||     2
       Headbutt          ||     1
Throw: Stone             ||    10
 Cast: Beastly Appendage ||     3
Armor: Robe              ||     2
Dodge: Dodged            ||     3

Table legend:
 A = Non-vault XP
 B = Vault XP
 C = Vault XP percentage of total XP
 D = Non-vault monster count
 E = Vault monster count
 F = Vault count percentage of total count
                 A         B        C        D         E       F
            +---------+---------+-------+---------+---------+-------
      Total |      12 |       0 |   0.0 |       6 |       0 |   0.0
            +---------+---------+-------+---------+---------+-------
        D:1 |      12 |       0 |   0.0 |       6 |       0 |   0.0
            +---------+---------+-------+---------+---------+-------
